 Dungeon Crawl Stone Soup version 0.29.1-15-g9cfb28693d (webtiles) character file.

Game seed: 12427738101553026151

571 H0rd4k the Insei (level 7, -1/47 HPs)
             Began as an Octopode Artificer on Apr 5, 2023.
             Slain by a goblin
             ... wielding a +0 club
              (3 damage)
             ... on level 4 of the Dungeon.
             The game lasted 00:04:35 (4625 turns).

H0rd4k the Insei (Octopode Artificer)               Turns: 4625, Time: 00:04:36

Health: -1/47      AC:  1    Str: 11    XL:     7   Next: 34%
Magic:  11/11      EV: 13    Int: 15    God:
Gold:   150        SH:  5    Dex: 13    Spells: 12/12 levels left

rFire   x . .      SeeInvis .     - Unarmed
rCold   + . .      Faith    .   (no shield)
rNeg    . . .      Spirit   .   (helmet restricted)
rPois   .          Reflect  +   p - amulet of reflection
rElec   .          Harm     .   l - ring of ice
rCorr   .          Rampage  .   (no ring)
Will    .....                   (no ring)
Stlth   +++.......              (no ring)
HPRegen 0.15/turn               (no ring)
MPRegen 0.12/turn               (no ring)
                                (no ring)
                                (no ring)

@: no status effects
A: almost no armour, amphibious, 8 rings, camouflage 1, gelatinous body 1,
(nimble swimmer 1), tentacles
a: no special abilities


You were on level 4 of the Dungeon.
You visited 1 branch of the dungeon, and saw 4 of its levels.

You collected 150 gold pieces.

Inventory:

Missiles
 j - 5 atropa-tipped darts
 u - a throwing net
Jewellery
 l - a ring of ice (left tentacle)
 p - an amulet of reflection (around mantle)
Wands
 b - a wand of flame (13) (quivered)
 c - a wand of charming (12)
 r - a wand of mindburst (3)
Scrolls
 f - 2 scrolls of fear {unknown}
 k - a scroll of identify {unknown}
 m - a scroll of blinking {unknown}
 n - a scroll of poison {unknown}
 o - a scroll of enchant armour {unknown}
 t - a scroll of immolation {unknown}
 v - a scroll of acquirement {unknown}
Potions
 a - a potion of lignification {unknown}
 d - a potion of attraction {unknown}
 e - a potion of might {unknown}
 g - a potion of degeneration {unknown}
 h - a potion of invisibility {unknown}
 i - 6 potions of curing {unknown}
 q - a potion of experience {unknown}
 s - a potion of heal wounds {unknown}


   Skills:
 * Level 3.8 Fighting
 - Level 2.3 Dodging
 - Level 1.3 Stealth
 + Level 5.2 Unarmed Combat
 * Level 3.0 Spellcasting
 - Level 3.2 Evocations


You had 12 spell levels left.
You didn't know any spells.
Your spell library contained the following spells:

 Spells                   Type           Power      Damage    Failure   Level
 Magic Dart               Conj           8%         1d3       21%         1
 Searing Ray              Conj           4%         2d4       30%         2
 Fulminant Prism          Conj/Hex       1%         3d6       89%         4


Dungeon Overview and Level Annotations

Branches:
Dungeon (4/15)
 Temple: D:4-7

Altars:
Makhleb

Shops:
D:2 *


Innate Abilities, Weirdness & Mutations

You cannot wear most types of armour.
You are amphibious.
You can wear up to eight rings at the same time.
Your skin changes colour to match your surroundings (Stealth+).
Your rubbery body absorbs attacks. (AC +1, EV +1)
((You are camouflaged when in or above water. (Stealth+)))
You have tentacles for arms and can constrict up to eight enemies at once.


Message History

You constrict the orc wizard, but do no damage.
The orc wizard points at you and mumbles some strange words.
You are confused.
A goblin comes into view. It is wielding a +0 club.
The goblin shouts!
You bump into the rock wall.
You constrict the orc wizard.
The orc wizard gestures wildly while chanting.
The orc wizard flickers and vanishes!
Deactivating autopickup; reactivate with Ctrl-A.
You bump into the rock wall.
You constrict something.
The orc priest mumbles some strange prayers to Beogh against you.
Beogh smites you! Something hits you.
You are too confused!
Unknown command.
Unknown command.
Unknown command.
You are too confused!
Unknown command.
Unknown command.
Unknown command.
You are too confused!
Unknown command.
Unknown command.
Unknown command.
You bump into the rock wall.
You constrict something. Something hits you.
* * * LOW HITPOINT WARNING * * *
You bump into the rock wall.
You constrict something.
Reactivating autopickup.
You feel a bit more experienced.
A dart slug comes into view.
You are too confused!
You barely miss the goblin. Your squeeze misses the goblin.
The orc priest mumbles some strange prayers to Beogh against you.
Beogh smites you!
* * * LOW HITPOINT WARNING * * *
The goblin closely misses you.
You bump into the rock wall.
You feel less confused. The goblin hits you with a +0 club.
You die...

#.# #.#
#.# #.'
#w# #o#
#g####
#@##.##
#.##..#
#.###.#
#)# #.#
#)# #.#
#.# #.#
#)# #.#
#.# #.#
#.# #.#


You could see an orc priest, a dart slug and a goblin.

Vanquished Creatures
  Sigmund (D:3)
  A vampire bat (D:3)
  3 iron imps (D:3)
  2 orc wizards
  Ijyb (D:3)
  2 gnolls (D:3)
  2 adders
  A worm (D:2)
  A dart slug (D:3)
  3 fire bats (D:3)
  5 orcs
  2 spectral bats (D:3)
  3 ball pythons
  3 bat skeletons (D:3)
  A bat zombie (D:3)
  10 endoplasms
  3 giant cockroaches
  3 goblins
  6 hobgoblins
  6 jackals
  3 quokkas
  13 bats
  A bat simulacrum (D:3)
  A frilled lizard (D:1)
  7 kobolds
  3 rats (D:1)
87 creatures vanquished.

Vanquished Creatures (collateral kills)
  A kobold (D:4)
1 creature vanquished.

Vanquished Creatures (others)
  A gnoll (D:3)
1 creature vanquished.

Grand Total: 89 creatures vanquished

Notes
Turn   | Place    | Note
-------+----------+-------------------------------------------
     0 | D:1      | H0rd4k the Octopode Artificer began the quest for the Orb.
     0 | D:1      | Reached XP level 1. HP: 13/13 MP: 1/1
   594 | D:1      | Found a faded altar of an unknown god.
   624 | D:1      | Reached XP level 2. HP: 18/18 MP: 2/2
   839 | D:1      | Reached skill level 1 in Spellcasting
  1224 | D:1      | Reached XP level 3. HP: 24/24 MP: 4/4
  1324 | D:2      | Reached skill level 1 in Unarmed Combat
  1875 | D:2      | Found Qoozxiot's General Store.
  2513 | D:3      | Reached XP level 4. HP: 26/30 MP: 6/6
  2742 | D:3      | Noticed Ijyb
  2746 | D:3      | Reached skill level 2 in Unarmed Combat
  2746 | D:3      | Killed Ijyb
  2747 | D:3      | Reached XP level 5. HP: 35/35 MP: 6/8
  2928 | D:3      | Reached skill level 3 in Unarmed Combat
  3314 | D:3      | Noticed Sigmund
  3351 | D:3      | Killed Sigmund
  3352 | D:3      | Reached skill level 4 in Unarmed Combat
  3352 | D:3      | Reached XP level 6. HP: 42/42 MP: 8/10
  3784 | D:3      | Reached XP level 7. HP: 46/46 MP: 11/11
  3887 | D:3      | Found a burning altar of Makhleb.
  3935 | D:3      | Reached skill level 5 in Unarmed Combat
  4624 | D:4      | HP: 2/47 [orc priest/divine providence (12)]
  4625 | D:4      | Slain by a goblin

Illustrated notes

Levels and vault maps discovered:
D:1:      beargit_arrival_diablo_church, layout_loops_ring,
          shapermc_ecumenical_altar_acropolis, minmay_misc_feat_roman,
          dreamdust_wishing_well
D:2:      layout_basic, serial_shops, nicolae_lakefront_shop
D:3:      layout_basic, demons_altar, goddamned_bats, uniq_ijyb, uniq_sigmund
D:4:      layout_loops_ring, minmay_misc_feat_columns,
          kennysheep_generic_room_13, uniq_pikel

Skill      XL: |  1  2  3  4  5  6  7 |
---------------+----------------------+-----
Spellcasting   | 1 2 3 |  3.0
Fighting       | 2 3 |  3.8
Unarmed Combat | 1 2 4 5 |  5.2
Dodging        | |  2.3
Stealth        | |  1.3
Evocations     | |  3.2

Action                   |  1- 3 |  4- 6 |  7- 9 || total
-------------------------+-------+-------+-------++-------
Melee: Unarmed           |    89 |    75 |    41 ||   205
       Constrict         |    24 |    23 |    11 ||    58
       Tentacles         |    23 |    15 |    16 ||    54
       Punch             |     2 |     2 |     2 ||     6
Evoke: Wand              |       |     6 |     4 ||    10
 Stab: Sleeping          |    10 |     1 |       ||    11
       Distracted        |       |     1 |       ||     1
Armor: Skin              |     5 |    26 |       ||    31
Dodge: Dodged            |    54 |   104 |    20 ||   178
Block: Other             |       |       |     1 ||     1
